Map: Kairos Junction LE

Players

Kas - Winner!

  • Race: Terran Terran
  • Spawn Location: 11:00

MaSa

  • Race: Terran Terran
  • Spawn Location: 5:00

Event: 2019 WCS Spring

VOD

Have the link to the VOD?

Description

Time

  • Played on: May 17, 2019, 2:27 p.m.
  • Length: 5:59

All games in this series

Show
View Real Time Build Order
Export as new Build Order

Kas Terran - Winner!

Build Orders: Liberator Opening 

Get SALT Encoding   

  12  0:00  SCV  
  13  0:12  SCV  
  14  0:17  Supply Depot  
  14  0:25  SCV  
  14  0:28  Refinery  
  15  0:39  SCV  
  16  0:44  Barracks  
  16  0:51  SCV  
  16  0:54  Refinery  
  17  1:03  SCV  
  18  1:15  SCV  
  19  1:32  Factory  
  19  1:33  Orbital Command  
  19  1:38  Reaper  
  20  1:50  Supply Depot  
  20  1:59  SCV  
  21  2:10  Reaper  
  21  2:11  SCV  
  23  2:17  Hellion  
  25  2:23  SCV  
  26  2:33  Command Center  
  26  2:37  SCV  
  26  2:41  Widow Mine  
  29  2:45  Barracks Reactor  
  29  2:48  Supply Depot  
  29  2:50  SCV  
  30  2:58  Starport  
  30  3:02  Factory Tech Lab  
  30  3:04  SCV  
  31  3:16  SCV  
  32  3:21  Siege Tank  
  32  3:24  Marine  
  32  3:25  Marine  
  37  3:27  Liberator  
  37  3:28  SCV  
  38  3:44  Marine x2  
  37  3:57  Orbital Command  
  37  4:00  Siege Tank  
  37  4:02  Marine x2  
  39  4:12  SCV  
  39  4:20  Marine  
  39  4:22  SCV  
  41  4:25  SCV  
  41  4:30  Viking  
  44  4:37  Marine x2  
  46  4:38  Siege Tank  
  46  4:46  SCV  
  46  4:48  SCV  
  48  4:55  Marine  
  48  4:58  SCV  
  50  5:00  SCV  
  50  5:04  Refinery  
  51  5:08  Starport Tech Lab  
  51  5:10  SCV, Barracks  
  52  5:18  SCV  
  52  5:20  Marine  
  51  5:21  Siege Tank  
  54  5:39  SCV  
Show
View Real Time Build Order
Export as new Build Order

MaSa Terran 

Build Orders: 1/1/1 

Get SALT Encoding   

  12  0:00  SCV  
  13  0:12  SCV  
  14  0:17  Supply Depot  
  14  0:24  SCV  
  14  0:27  Refinery  
  15  0:38  SCV  
  16  0:44  Barracks  
  16  0:51  SCV  
  16  0:55  Refinery  
  17  1:03  SCV  
  18  1:15  SCV  
  20  1:33  Factory  
  20  1:34  Barracks Reactor  
  20  1:38  Orbital Command  
  19  1:50  Supply Depot  
  19  2:04  SCV  
  20  2:10  Reaper x2  
  22  2:16  Starport  
  22  2:20  Hellion  
  24  2:23  SCV  
  25  2:32  Supply Depot  
  25  2:35  SCV  
  26  2:42  Reaper x2  
  28  2:45  Hellion  
  28  2:49  SCV  
  31  2:54  Medivac  
  33  3:01  Supply Depot  
  33  3:02  SCV  
  34  3:08  Hellion  
  36  3:14  Reaper x2  
  36  3:19  SCV  
  39  3:26  Viking  
  41  3:33  SCV  
  42  3:35  Hellion  
  44  3:46  SCV  
  40  4:01  Command Center  
  40  4:02  SCV, Factory Tech Lab  
  40  4:11  Marine x2  
  40  4:12  Starport Tech Lab  
  40  4:14  SCV  
  43  4:21  Siege Tank  
  46  4:26  SCV  
  46  4:30  Supply Depot  
  43  4:43  SCV  
  43  4:45  Raven, Marine x2  
  42  4:55  SCV  
  42  4:57  Siege Tank  
  46  5:02  Refinery  
  46  5:05  Marine x2  
  48  5:13  SCV  
  42  5:21  Orbital Command  
  42  5:23  Marine x2  
  42  5:27  SCV  
  43  5:39  SCV  
  43  5:41  Marine x2  
Tags
 
Add a new tag
Caveats
  • Supply blocks, unpowered buildings, or Contaminate may cause inaccurate times.
  • Supply counts are checked every 10 seconds.